1864 views
Uploaded 2023-04-04 21:36:32
Game version 1.35 (6115)
12:32 long 2on2 ladder game on (4)TurtleRock_S2
Saved by DKnight
1864 views
Uploaded 2023-04-04 21:36:32
Game version 1.35 (6115)
12:32 long 2on2 ladder game on (4)TurtleRock_S2


47 units @ 6.7k
/ 0.9k
23 buildings @ 3.9k
/ 1k


| Peon | 8 | 600 | / | 0 |
| Troll Headhunter | 13 | 1820 | / | 260 |
| Demolisher | 6 | 1320 | / | 300 |
| total: | 27 | 3740g | / | 560w |
| Altar of Storms | 1 | 180 | / | 50 |
| Orc Burrow | 5 | 800 | / | 200 |
| War Mill | 1 | 205 | / | 0 |
| Barracks | 2 | 360 | / | 100 |
| Voodoo Lounge | 1 | 130 | / | 30 |
| Stronghold | 1 | 315 | / | 190 |
| Fortress | 1 | 325 | / | 190 |
| total: | 10 | 1675g | / | 380w |
| 0:08 | Peon |
| 0:08 | Peon |
| 0:08 | Peon |
| 0:14 | Altar of Storms |
| 0:24 | Orc Burrow |
| 0:28 | Peon |
| 0:54 | War Mill |
| 0:59 | Peon |
| 1:09 | Barracks |
| 1:18 | Peon |
| 1:32 | Peon |
| 1:46 | Orc Burrow |
| 1:51 | Peon |
| 2:10 | Troll Headhunter |
| 2:14 | Feral Spirit |
| 2:17 | Voodoo Lounge |
| 2:35 | Troll Headhunter |
| 2:45 | Troll Headhunter |
| 3:04 | Troll Headhunter |
| 3:19 | Troll Headhunter |
| 3:42 | Stronghold |
| 4:21 | Troll Headhunter |
| 4:39 | Troll Headhunter |
| 5:17 | Troll Headhunter |
| 5:30 | Troll Headhunter |
| 5:44 | Troll Headhunter |
| 6:20 | Fortress |
| 6:23 | Orc Burrow |
| 6:25 | Orc Burrow |
| 7:15 | Barracks |
| 7:17 | Steel Ranged Weapons |
| 7:18 | Demolisher |
| 8:13 | Demolisher |
| 9:02 | Demolisher |
| 9:04 | Burning Oil |
| 9:05 | Troll Headhunter |
| 9:40 | Demolisher |
| 10:07 | Demolisher |
| 10:08 | Thorium Ranged Weapons |
| 10:12 | Orc Burrow |
| 10:16 | War Stomp |
| 10:42 | Troll Headhunter |
| 11:52 | Troll Headhunter |
| 11:54 | Chain Lighting |
| 12:19 | Demolisher |
| Right click | 686 |
| Select | 209 |
| Assign group | 84 |
| Select group | 80 |
| Misc. action | 71 |
| Build/train/purchase | 48 |
| Chat | 35 |
| Minimap ping | 6 |
| Use ability | 3 |
| Remove unit | 1 |


| Rod of Necromancy | 1 | 150 |
| Potion of Healing | 1 | 150 |
| Potion of Mana | 1 | 200 |
| Dust of Appearance | 2 | 150 |
| Scroll of Town Portal | 1 | 350 |
| total: | 6 | 1000g |
| Acolyte | 7 | 525 | / | 0 |
| Ghoul | 3 | 360 | / | 0 |
| Crypt Fiend | 8 | 1720 | / | 320 |
| Obsidian Statue | 2 | 400 | / | 70 |
| total: | 20 | 3005g | / | 390w |
| Nerubian Tower | 1 | 100 | / | 20 |
| Crypt | 2 | 400 | / | 100 |
| Altar of Darkness | 1 | 180 | / | 50 |
| Ziggurat | 6 | 900 | / | 300 |
| Tomb of Relics | 1 | 130 | / | 30 |
| Graveyard | 1 | 215 | / | 0 |
| Necropolis | 1 | 225 | / | 0 |
| Slaughterhouse | 1 | 140 | / | 135 |
| Halls of the Dead | 1 | 320 | / | 210 |
| Black Citadel | 1 | 325 | / | 230 |
| total: | 13 | 2190g | / | 615w |
| 0:02 | Acolyte |
| 0:02 | Acolyte |
| 0:06 | Crypt |
| 0:09 | Altar of Darkness |
| 0:24 | Ziggurat |
| 0:33 | Acolyte |
| 0:55 | Tomb of Relics |
| 1:07 | Ghoul |
| 1:25 | Graveyard |
| 1:37 | Ghoul |
| 1:52 | Ziggurat |
| 2:11 | Ghoul |
| 2:15 | Death Coil |
| 2:21 | Rod of Necromancy |
| 2:29 | Dust of Appearance |
| 2:46 | Nerubian Tower |
| 2:59 | Acolyte |
| 3:38 | Acolyte |
| 4:09 | Crypt Fiend |
| 4:23 | Unholy Aura |
| 4:34 | Halls of the Dead |
| 5:08 | Crypt Fiend |
| 5:35 | Crypt Fiend |
| 5:37 | Ziggurat |
| 6:28 | Crypt Fiend |
| 6:30 | Ziggurat |
| 6:33 | Crypt |
| 7:06 | Acolyte |
| 8:04 | Necropolis |
| 8:09 | Crypt Fiend |
| 8:38 | Frost Nova |
| 9:15 | Death Coil |
| 9:17 | Crypt Fiend |
| 9:19 | Slaughterhouse |
| 9:37 | Ziggurat |
| 9:38 | Ziggurat |
| 10:07 | Potion of Healing |
| 10:07 | Scroll of Town Portal |
| 10:08 | Potion of Mana |
| 10:11 | Crypt Fiend |
| 10:25 | Obsidian Statue |
| 10:32 | Dust of Appearance |
| 10:43 | Acolyte |
| 11:10 | Obsidian Statue |
| 11:57 | Frost Armor |
| 12:06 | Death Pact |
| 12:26 | Crypt Fiend |
| 12:27 | Black Citadel |
| Right click | 703 |
| Select group | 503 |
| Select | 187 |
| Build/train/purchase | 57 |
| Misc. action | 52 |
| Assign group | 28 |
| Use ability | 18 |
| Chat | 11 |
| Remove unit | 1 |
| Esc | 1 |
34 units @ 3.7k
/ 0.3k
29 buildings @ 4.3k
/ 1.6k

| Healing Salve | 3 | 300 |
| Lesser Clarity Potion | 2 | 140 |
| total: | 5 | 440g |
| Peon | 12 | 900 | / | 0 |
| Grunt | 2 | 400 | / | 0 |
| Troll Headhunter | 4 | 560 | / | 80 |
| total: | 18 | 1860g | / | 80w |
| Watch Tower | 1 | 110 | / | 80 |
| Altar of Storms | 1 | 180 | / | 50 |
| Orc Burrow | 6 | 960 | / | 240 |
| Barracks | 1 | 180 | / | 50 |
| Voodoo Lounge | 2 | 260 | / | 60 |
| War Mill | 2 | 410 | / | 0 |
| Stronghold | 1 | 315 | / | 190 |
| total: | 13 | 2100g | / | 480w |
| 0:02 | Peon |
| 0:06 | Altar of Storms |
| 0:12 | Orc Burrow |
| 0:14 | Peon |
| 0:29 | Peon |
| 0:42 | Peon |
| 0:50 | Peon |
| 0:59 | Barracks |
| 1:18 | Orc Burrow |
| 1:21 | Peon |
| 1:34 | Peon |
| 1:43 | Peon |
| 1:50 | Voodoo Lounge |
| 1:51 | Voodoo Lounge |
| 2:03 | War Mill |
| 2:04 | War Mill |
| 2:12 | Wind Walk |
| 2:23 | Grunt |
| 3:31 | Stronghold |
| 3:41 | Grunt |
| 3:52 | Healing Salve |
| 4:41 | Troll Headhunter |
| 5:55 | Healing Salve |
| 5:55 | Lesser Clarity Potion |
| 6:27 | Orc Burrow |
| 6:27 | Orc Burrow |
| 6:53 | Healing Salve |
| 6:58 | Watch Tower |
| 7:08 | Lesser Clarity Potion |
| 7:46 | Critical Strike |
| 10:10 | Peon |
| 10:11 | Peon |
| 10:29 | Orc Burrow |
| 11:23 | Troll Headhunter |
| 11:23 | Troll Headhunter |
| 11:25 | Peon |
| 11:25 | Peon |
| 11:53 | Troll Headhunter |
| 11:59 | Orc Burrow |
| Right click | 523 |
| Select | 246 |
| Select group | 74 |
| Misc. action | 52 |
| Build/train/purchase | 44 |
| Use ability | 23 |
| Assign group | 5 |
โ
BIONEM
(12:24) : 
| Healing Salve | 2 | 200 |
| Lesser Clarity Potion | 4 | 280 |
| Scroll of Speed | 1 | 50 |
| Potion of Healing | 2 | 300 |
| Circlet of Nobility | 1 | 175 |
| Boots of Speed | 1 | 250 |
| Staff of Teleportation | 1 | 150 |
| total: | 12 | 1405g |
| Peon | 10 | 750 | / | 0 |
| Raider | 6 | 1080 | / | 240 |
| total: | 16 | 1830g | / | 240w |
| Watch Tower | 6 | 660 | / | 480 |
| Altar of Storms | 1 | 180 | / | 50 |
| Orc Burrow | 4 | 640 | / | 160 |
| Voodoo Lounge | 1 | 130 | / | 30 |
| War Mill | 1 | 205 | / | 0 |
| Beastiary | 2 | 290 | / | 280 |
| Tauren Totem | 1 | 135 | / | 155 |
| Stronghold | 1 | 315 | / | 190 |
| total: | 16 | 2240g | / | 1155w |
| 0:02 | Peon |
| 0:06 | Peon |
| 0:12 | Altar of Storms |
| 0:18 | Orc Burrow |
| 0:20 | Peon |
| 0:24 | Peon |
| 0:39 | Peon |
| 1:01 | Voodoo Lounge |
| 1:03 | Peon |
| 1:18 | Peon |
| 1:27 | War Mill |
| 1:55 | Orc Burrow |
| 2:00 | Peon |
| 2:12 | Wind Walk |
| 2:16 | Healing Salve |
| 2:16 | Lesser Clarity Potion |
| 2:17 | Scroll of Speed |
| 2:46 | Watch Tower |
| 2:48 | Watch Tower |
| 3:36 | Stronghold |
| 3:54 | Watch Tower |
| 4:55 | Circlet of Nobility |
| 4:55 | Boots of Speed |
| 4:57 | Staff of Teleportation |
| 5:37 | Lesser Clarity Potion |
| 5:59 | Beastiary |
| 6:02 | Beastiary |
| 6:31 | Orc Burrow |
| 6:46 | Critical Strike |
| 6:52 | Watch Tower |
| 7:08 | Raider |
| 7:08 | Ensnare |
| 7:25 | Reinforced Defenses |
| 8:05 | Raider |
| 8:11 | Tauren Totem |
| 8:13 | Peon |
| 8:13 | Peon |
| 8:15 | Pillage |
| 8:38 | Raider |
| 9:00 | Lesser Clarity Potion |
| 9:01 | Healing Salve |
| 9:03 | Lesser Clarity Potion |
| 9:05 | Potion of Healing |
| 10:16 | Raider |
| 10:16 | Raider |
| 10:17 | Steel Melee Weapons |
| 10:28 | Wind Walk |
| 10:39 | Watch Tower |
| 10:44 | Watch Tower |
| 10:53 | Raider |
| 11:11 | Spirit Walker Adept Training |
| 11:13 | Orc Burrow |
| 11:39 | Potion of Healing |
| Right click | 565 |
| Select | 183 |
| Misc. action | 101 |
| Select group | 89 |
| Build/train/purchase | 55 |
| Assign group | 26 |
| Use ability | 19 |
| Resource trade | 10 |
| Item give/drop | 2 |
| Esc | 1 |